 Dungeon Crawl Stone Soup version 0.20-a0-1127-g1289703 (webtiles) character file.

276190 mopl the Basher (level 20, -2/249 HPs)
             Began as a Gnoll Berserker on May 18, 2017.
             Was the Champion of Trog.
             Slain by a merfolk
             ... wielding a +0 spear
              (14 damage)
             ... on level 4 of the Shoals.
             The game lasted 02:18:08 (56781 turns).

mopl the Basher (Gnoll Berserker)                  Turns: 56781, Time: 02:18:09

Health: -2/249     AC: 28    Str: 29    XL:     20   Next: 76%
Magic:  28/28      EV: 15    Int:  7    God:    Trog [******]
Gold:   4256       SH: 14    Dex: 19    Spells: 19/19 levels left

rFire    + . .     SeeInvis +   P - +8 whip "Snakebite" {curare, rPois}
rCold    . . .     Gourm    .   H - +0 shield
rNeg     . . .     Faith    +   T - +1 plate armour {rF+}
rPois    +         Spirit   .   k - +2 helmet "Egry" {MR+}
rElec    .         Reflect  .   l - +2 cloak {rPois}
rCorr    .         Harm     .   D - +2 pair of gloves
MR       ++++.                  x - +0 pair of boots
Stlth    ..........             L - amulet of faith {!P}
Regen    0.6/turn               R - ring of Luejuam {MR+ Str+4 SInv, =R}
MPRegen  0.3/turn               Z - ring of protection from magic

@: berserking (expiring), very quick
A: short attention span, fangs 1, hooves 1, robust 1, strong nose
}: 1/15 runes: gossamer
a: Berserk, Trog's Hand, Brothers in Arms, Burn Spellbooks, Renounce Religion


You were on level 4 of the Shoals.
You worshipped Trog.
Trog was exalted by your worship.
You were not hungry.

You visited 7 branches of the dungeon, and saw 35 of its levels.
You also visited: Ossuary and Ice Cave.

You collected 5118 gold pieces.
You spent 862 gold pieces at shops.

Inventory:

Hand Weapons
 b - a +2 demon trident of electrocution
 P - the +8 whip "Snakebite" (weapon) {curare, rPois}
   (Trog gifted it to you on level 1 of the Spider Nest)

   It poisons the flesh of those it strikes.
   It protects you from poison.
 Y - a +3 vampiric demon trident
Missiles
 a - 6 poisoned tomahawks
 m - 16 javelins of returning
 o - 14 tomahawks of returning
 t - 87 tomahawks
 z - 17 javelins of penetration
 K - 10 throwing nets
 Q - 15 javelins
 X - 10 poisoned javelins (quivered)
Armour
 k - the +2 helmet "Egry" (worn) {MR+}
   (You acquired it on level 2 of the Shoals)

   It affects your resistance to hostile enchantments.
 l - a +2 cloak of poison resistance (worn)
 x - a +0 pair of boots (worn)
 D - a +2 pair of gloves (worn)
 H - a +0 shield (worn)
 T - a +1 plate armour of fire resistance (worn)
Jewellery
 L - an amulet of faith (around neck) {!P}
 R - the ring of Luejuam (left hand) {MR+ Str+4 SInv, =R}
   (You bought it in a shop on level 2 of the Orcish Mines)

   [ring of protection from magic]

   It affects your strength (+4).
   It affects your resistance to hostile enchantments.
   It lets you see invisible.
 Z - a ring of protection from magic (right hand)
Wands
 d - a wand of digging (10/24)
 w - a wand of iceblast (8/15)
 E - a wand of scattershot (9/9)
 G - a wand of confusion (22/48)
 I - a wand of lightning (8/15)
 J - a wand of paralysis (9/24)
 N - a wand of acid (15/15)
 U - a wand of enslavement (5/24)
 W - a wand of polymorph (17/24)
Scrolls
 j - 7 scrolls of teleportation
 p - 3 scrolls of vulnerability
 u - 11 scrolls of remove curse
 v - 4 scrolls of blinking
 y - 3 scrolls of fog
 A - 6 scrolls of fear
 O - 16 scrolls of magic mapping
 V - 2 scrolls of summoning
Potions
 f - 7 potions of agility
 g - 8 potions of haste
 h - 3 potions of heal wounds
 n - 7 potions of might
 q - 6 potions of curing
 s - 5 potions of resistance
 C - 4 potions of ambrosia
 F - a potion of invisibility
 M - a potion of flight
Books
 S - a book of Flames

   Spells                             Type                      Level
   a - Flame Tongue                   Conjuration/Fire             1
   b - Throw Flame                    Conjuration/Fire             2
   c - Conjure Flame                  Conjuration/Fire             3
   d - Inner Flame                    Hexes/Fire                   3
   e - Sticky Flame                   Conjuration/Fire             4
   f - Fireball                       Conjuration/Fire             5
   Trog disapproves of the use of such an item.
Miscellaneous
 e - a phial of floods
 i - a phantom mirror
 r - a lamp of fire
Comestibles
 c - 8 bread rations
 B - 10 chunks of flesh


   Skills:
 + Level 11.6 Fighting
 * Level 13.1 Maces & Flails
 + Level 8.5 Polearms
 + Level 11.4 Throwing
 + Level 11.4 Armour
 + Level 11.4 Dodging
 + Level 11.3 Shields
 + Level 11.2 Evocations


You had 19 spell levels left.
You didn't know any spells.

Dungeon Overview and Level Annotations

Branches:
Dungeon (15/15)            Temple (1/1) D:5            Lair (6/6) D:10
 Shoals (4/4) Lair:2       Spider (4/4) Lair:2        Slime (0/5) Lair:5
    Orc (2/2) D:10            Elf (3/3) Orc:2        Vaults (0/5) D:14
 Depths (0/5) D:15

Altars:
Fedhas
Hepliaklqana
Ru
Trog
Vehumet
Xom
Jiyva

Shops:
D:4 (   D:13 }   Orc:2 **=(=?

Annotations:
Spider:3 para wands
Elf:1 fly


Innate Abilities, Weirdness & Mutations

You have a short attention span.
You have very sharp teeth.
Your uncanny sense of smell can sniff out nearby items.
You have large cloven feet.
You are robust. (+10% HP)


Message History

The merfolk impaler hits you but does no damage.
The merfolk hits you from afar with an enchanted trident.
* * * LOW HITPOINT WARNING * * *
The merfolk impaler closely misses you.
The merfolk hits you from afar with a spear!
* * * LOW HITPOINT WARNING * * *
You shred the net and break free!
You feel a strong urge to attack something.
The merfolk impaler hits you from afar with a trident of freezing!
* * * LOW HITPOINT WARNING * * *
The merfolk impaler freezes you.
* * * LOW HITPOINT WARNING * * *
Unknown command.
The merfolk hits you but does no damage.
You block the merfolk's attack. You block the merfolk impaler's attack.
There is a stone staircase leading up here.
You feel your anger subside.
The merfolk impaler hits you but does no damage.
The merfolk hits you from afar with a spear!
You die...

≈≈≈≈≈P≈≈≈≈≈≈....≈≈≈≈≈≈≈P≈≈≈≈≈≈..
≈≈≈≈≈≈P≈≈≈≈...≈≈≈≈≈≈≈≈P≈≈≈..≈....
≈≈≈≈≈≈<≈≈≈≈.(.P(≈≈≈PP≈≈P≈≈≈......
≈≈≈PP≈≈≈≈≈≈≈≈≈≈≈≈P≈≈≈P≈≈≈≈≈≈.#...
≈≈≈≈≈≈≈≈≈≈≈≈≈(≈≈≈≈≈P≈P≈PP≈≈..#...
≈≈≈≈≈PP≈P≈≈≈≈P(≈≈P≈≈≈P≈≈P≈≈......
≈≈≈≈≈≈≈≈≈P≈≈≈≈≈≈≈≈PP((....P......
≈≈≈≈≈≈≈≈≈PP≈...)†≈≈≈≈.....)...≈..
≈≈≈≈≈≈≈≈≈P≈≈P..†@.m≈≈........≈≈≈.
≈≈≈≈≈≈≈≈≈≈≈....).[m)≈.≈≈≈..≈...≈≈
≈≈≈≈≈≈≈≈≈≈≈.......m.≈≈≈≈≈.≈≈...≈≈
≈≈≈≈≈######..........#.≈≈≈≈≈....≈
≈≈≈≈##≈≈≈≈≈#.(P.P[...#.≈≈≈≈≈≈≈...
≈≈≈##≈≈≈≈#≈.#..P..).[##..≈≈≈.....
≈≈≈#≈≈≈#≈≈≈..#PPP..).##..≈≈......
#≈≈≈≈#≈≈#.#.......##..≈.......
#≈≈≈≈##≈≈.#........)≈≈≈.......


You could see a merfolk impaler and 2 merfolk.

Vanquished Creatures
  Mara (Spider:3)
  Nikola (Spider:2)
  3 deep elf blademasters
  2 deep elf master archers (Elf:3)
  Frances (Spider:1)
  Polyphemus (Shoals:2)
  Kirke (Spider:3)
  Ilsuiw (Shoals:3)
  6 deep elf sorcerers
  6 ghost moths (Spider:4)
  Louise (Shoals:3)
  A deep elf elementalist (Elf:3)
  Aizul (Shoals:2)
  5 emperor scorpions (Spider:4)
  A very ugly thing (D:14)
  3 entropy weavers
  5 deep elf demonologists (Elf:3)
  A spark wasp (Spider:2)
  Azrael (Spider:2)
  8 deep elf annihilators
  7 deep elf death magi (Elf:3)
  The ghost of Leszczynek the Cleaver, a journeyman DDMo of Makhleb (D:12)
  A fire dragon (Lair:6)
  Josephine (Spider:1)
  A yaktaur captain (D:15)
  An ettin (Orc:1)
  6 merfolk javelineers
  12 merfolk impalers
  4 vault guards (D:14)
  Fannar (D:11)
  2 deep elf high priests (Elf:3)
  2 ice dragons (IceCv)
  9 hydras
  10 centaur warriors
  6 merfolk avatars
  A catoblepas (Shoals:2)
  4 two-headed ogres
  An anaconda (shapeshifter) (D:14)
  8 death yaks
  29 dancing weapons
  3 alligator snapping turtles (Shoals:4)
  A tengu warrior (D:13)
  An orc high priest (Orc:1)
  18 deep elf knights
  9 slime creatures
  4 unseen horrors
  A deep troll (D:15)
  13 sea snakes
  A wizard (D:14)
  11 deep elf archers
  A swamp dragon (Lair:6)
  16 orb spiders
  5 harpies (Shoals:4)
  7 fauns
  4 ugly things
  51 deep elf magi
  5 orc knights
  19 wolf spiders
  9 manticores
  4 oklob plants (Lair:6)
  2 orc sorcerers
  9 cyclopes
  2 ice statues (IceCv)
  10 elephants
  7 black mambas
  Joseph (D:8)
  2 centaur zombies
  9 merfolk sirens
  Maurice (D:10)
  2 water nymphs
  A gargoyle (D:14)
  5 torpor snails
  15 spiny frogs
  A yaktaur (shapeshifter) (D:14)
  6 demonic crawlers
  A yaktaur (D:14)
  7 rime drakes
  2 trolls
  4 komodo dragons
  38 merfolk
  A tengu conjurer (D:14)
  33 jumping spiders
  A polar bear (Lair:5)
  5 hornets
  9 wind drakes
  21 blink frogs
  Prince Ribbit (Lair:2)
  13 hippogriffs
  8 snapping turtles
  11 dream sheep
  2 meliai zombies
  93 redbacks
  A shadow (D:15)
  5 water elementals
  An air elemental (Elf:2)
  A spriggan (shapeshifter) (Elf:2)
  33 tarantellas
  8 wraiths
  41 yaks
  2 hogs (Spider:3)
  9 basilisks
  The ghost of mopl the Skirmisher, an amateur DsWn (D:4)
  A hungry ghost (D:10)
  Eustachio (D:4)
  A steam dragon (Lair:6)
  3 fire elementals
  A human (D:14)
  5 wyverns
  Grum (D:11)
  7 vampire mosquitoes
  Menkaure (D:4)
  3 wargs (Orc:1)
  An acid dragon (D:13)
  6 swamp worms (Spider:1)
  16 water moccasins
  14 porcupines
  3 hell hounds (Spider:3)
  37 orc warriors
  4 sky beasts
  5 swamp drakes (Lair:6)
  2 necrophages
  4 phantoms
  27 ice beasts
  18 ogres
  2 black bears
  13 wolves
  3 boggarts (D:14)
  A centaur (shapeshifter) (Elf:1)
  39 centaurs
  16 crocodiles
  A big kobold (D:8)
  A gnoll sergeant (D:13)
  16 bullfrogs
  3 earth elementals
  A water moccasin zombie (D:5)
  2 troll zombies (D:10)
  A water moccasin skeleton (D:7)
  A scorpion (D:9)
  6 killer bees
  6 howler monkeys
  14 wights
  3 electric eels
  11 crimson imps
  3 quasits
  5 bullfrog zombies
  10 hounds
  2 bullfrog skeletons
  16 orc priests
  6 jellies
  24 orc wizards
  5 centaur skeletons
  9 worker ants
  5 iguanas
  Natasha (thrice) (D:3)
  6 ogre zombies (D:10)
  A hound zombie (D:7)
  Robin (D:2)
  A hound skeleton (D:7)
  8 gnolls
  3 worker ant zombies (D:11)
  21 adders
  4 shadow imps
  7 oozes
  2 adder zombies (Ossuary)
  An adder skeleton (D:6)
  13 worms (Spider:1)
  9 leopard geckos
  94 orcs
  5 bats
  7 giant cockroaches
  8 hobgoblins
  7 jackals
  6 quokkas
  5 frilled lizards
  18 goblins
  2 goblin zombies (D:10)
  3 hobgoblin skeletons (D:10)
  2 hobgoblin zombies
  A jackal skeleton (D:6)
  15 kobolds
  A kobold zombie (Ossuary)
  A leopard gecko zombie (D:8)
  7 orc skeletons
  16 orc zombies
  10 rats
  2 plants
1441 creatures vanquished.

Vanquished Creatures (collateral kills)
  Snorg (Orc:1)
  An orb spider (Spider:3)
  3 wolf spiders
  A moth of wrath (Spider:3)
  A demonic crawler (Spider:3)
  A hornet (Spider:4)
  6 redbacks
  2 tarantellas
  A yak (D:10)
  An orc warrior (Orc:1)
  A crocodile (D:10)
  An orc priest (D:10)
  A goblin zombie (D:10)
21 creatures vanquished.

Vanquished Creatures (others)
  A deep elf knight (Elf:1)
  A deep elf mage (Elf:1)
  3 air elementals (Elf:1)
  A water elemental (Elf:1)
  4 humans (Spider:3)
  A boggart (D:14)
  2 orcs
  A kobold (D:8)
  14 fungi
  17 plants
45 creatures vanquished.

Grand Total: 1507 creatures vanquished

Notes
Turn   | Place    | Note
-------+----------+-------------------------------------------
     0 | D:1      | mopl the Gnoll Berserker began the quest for the Orb.
     0 | D:1      | Reached XP level 1. HP: 20/20 MP: 1/1
    51 | D:1      | Reached skill level 5 in Maces & Flails
   175 | D:1      | Reached XP level 2. HP: 17/26 MP: 2/2
   418 | D:1      | Reached skill level 5 in Fighting
   448 | D:1      | You fall through a shaft!
   535 | D:1      | Reached XP level 3. HP: 20/33 MP: 3/3
  1050 | D:2      | Reached ** piety under Trog
  1056 | D:2      | Noticed Robin
  1065 | D:2      | Reached skill level 6 in Maces & Flails
  1074 | D:1      | Reached skill level 1 in Throwing
  1120 | D:2      | Killed Robin
  1120 | D:2      | Reached skill level 4 in Armour
  1120 | D:2      | Reached skill level 4 in Dodging
  1184 | D:2      | Reached XP level 4. HP: 39/39 MP: 4/4
  1272 | D:2      | Found a radiant altar of Vehumet.
  1272 | D:2      | Found a blossoming altar of Fedhas.
  1914 | D:3      | Reached skill level 2 in Throwing
  2007 | D:3      | Noticed Natasha
  2019 | D:3      | Killed Natasha
  2019 | D:3      | Reached XP level 5. HP: 24/46 MP: 5/5
  2089 | D:3      | Noticed Natasha
  2214 | D:3      | Killed Natasha
  2214 | D:3      | Reached skill level 6 in Fighting
  2699 | D:3      | Reached *** piety under Trog
  3025 | D:3      | Noticed Natasha
  3036 | D:3      | Killed Natasha
  3090 | D:3      | Reached skill level 3 in Throwing
  3163 | D:3      | Reached skill level 7 in Maces & Flails
  3163 | D:3      | Reached XP level 6. HP: 52/52 MP: 6/6
  3514 | D:4      | Reached skill level 5 in Armour
  3703 | D:4      | Reached skill level 5 in Dodging
  3733 | D:4      | Reached XP level 7. HP: 59/59 MP: 7/7
  3736 | D:4      | Noticed mopl's ghost (amateur DsWn)
  3746 | D:4      | Killed mopl's ghost
  3746 | D:4      | Reached skill level 4 in Throwing
  3772 | D:4      | Reached skill level 8 in Maces & Flails
  3798 | D:4      | Found Loill's Antique Weapon Shoppe.
  3810 | D:4      | Noticed Eustachio
  3820 | D:4      | Killed Eustachio
  3820 | D:4      | Reached **** piety under Trog
  3820 | D:4      | Reached skill level 6 in Dodging
  4050 | D:4      | Reached skill level 6 in Armour
  4181 | D:4      | Noticed Menkaure
  4188 | D:4      | Killed Menkaure
  4188 | D:4      | Reached skill level 7 in Fighting
  4188 | D:4      | Reached skill level 5 in Throwing
  4188 | D:4      | Reached skill level 1 in Evocations
  4188 | D:4      | Reached XP level 8. HP: 67/67 MP: 8/8
  4419 | D:4      | Reached skill level 2 in Evocations
  4855 | D:5      | Entered Level 5 of the Dungeon
  5062 | D:5      | Reached skill level 3 in Evocations
  5121 | D:5      | Reached skill level 6 in Throwing
  5376 | D:5      | Found a bloodstained altar of Trog.
  5559 | D:5      | Reached skill level 1 in Shields
  5559 | D:5      | Reached skill level 4 in Evocations
  5608 | D:5      | Gained mutation: You have large cloven feet. [mutagenic meat]
  5609 | D:5      | Gained mutation: You are robust. (+10% HP) [mutagenic meat]
  5805 | D:5      | Reached skill level 7 in Dodging
  5805 | D:5      | Reached XP level 9. HP: 68/79 MP: 12/12
  5814 | D:5      | Reached skill level 7 in Armour
  5837 | D:5      | Reached skill level 2 in Shields
  5866 | D:5      | Found a staircase to the Ecumenical Temple.
  5870 | Temple   | Entered the Ecumenical Temple
  6091 | D:5      | Reached skill level 9 in Maces & Flails
  6185 | D:6      | You fall through a shaft for 3 floors!
  6239 | D:9      | Reached skill level 3 in Shields
  6414 | D:8      | Reached skill level 4 in Shields
  6469 | D:8      | Reached skill level 5 in Evocations
  6501 | D:8      | Found a sacrificial altar of Ru.
  6624 | D:8      | Noticed Joseph
  6632 | D:8      | Killed Joseph
  6632 | D:8      | Reached skill level 8 in Fighting
  6632 | D:8      | Reached skill level 7 in Throwing
  6663 | D:8      | Reached ***** piety under Trog
  6696 | D:8      | Found a sand-covered staircase.
  6702 | Ossuary  | Entered an ossuary
  6743 | Ossuary  | Received a gift from Trog
  6880 | Ossuary  | Reached skill level 5 in Shields
  6880 | Ossuary  | Reached XP level 10. HP: 88/88 MP: 14/14
  7086 | D:7      | Received a gift from Trog
  7158 | D:7      | Reached skill level 6 in Evocations
  7255 | D:6      | Received a gift from Trog
  7390 | D:6      | Reached skill level 8 in Armour
  7566 | D:6      | Received a gift from Trog
  7836 | D:7      | Found a hazy altar of Hepliaklqana.
  7850 | D:7      | Reached skill level 8 in Dodging
  7850 | D:7      | Reached skill level 6 in Shields
  8230 | D:7      | Received a gift from Trog
  8991 | D:8      | Reached skill level 7 in Evocations
  9196 | D:9      | You fall through a shaft for 2 floors!
  9227 | D:11     | Noticed Grum
  9258 | D:11     | Killed Grum
  9276 | D:11     | Reached skill level 10 in Maces & Flails
  9317 | D:11     | Reached XP level 11. HP: 78/95 MP: 16/16
  9440 | D:11     | Reached skill level 8 in Throwing
  9540 | D:11     | Noticed a white ugly thing
  9554 | D:11     | Killed a white ugly thing
  9554 | D:11     | Reached skill level 7 in Shields
  9557 | D:11     | Noticed a two-headed ogre
  9792 | D:11     | Noticed Fannar
  9801 | D:10     | Entered Level 10 of the Dungeon
 10008 | D:11     | Killed Fannar
 10021 | D:11     | Noticed a manticore
 10484 | D:10     | Noticed Maurice
 10859 | D:10     | Received a gift from Trog
 10883 | D:10     | Found a staircase to the Orcish Mines.
 10970 | D:10     | Killed Maurice
 11038 | D:10     | Noticed a cyclops
 11052 | D:10     | Killed a cyclops
 11052 | D:10     | Reached skill level 9 in Fighting
 11180 | D:10     | Received a gift from Trog
 11189 | D:10     | Found a staircase to the Lair.
 11247 | Lair:1   | Entered Level 1 of the Lair of Beasts
 11625 | D:11     | Noticed a cyclops
 11641 | D:11     | Noticed a green ugly thing
 11644 | D:11     | Killed a cyclops
 11650 | D:11     | Killed a green ugly thing
 11720 | D:11     | Killed a two-headed ogre
 11882 | D:11     | Reached skill level 9 in Armour
 11908 | D:11     | Reached skill level 8 in Evocations
 11915 | D:11     | Received a gift from Trog
 11915 | D:11     | Reached XP level 12. HP: 72/104 MP: 18/18
 12457 | Lair:1   | Reached skill level 9 in Dodging
 12462 | Lair:1   | Got a jewelled leather armour
 12494 | Lair:1   | Reached skill level 8 in Shields
 13258 | Lair:2   | Noticed Prince Ribbit
 13267 | Lair:2   | Reached skill level 9 in Throwing
 13855 | Lair:2   | Noticed a six-headed hydra
 13986 | Lair:2   | Killed a six-headed hydra
 13989 | Lair:2   | Killed Prince Ribbit
 14158 | Lair:2   | Found a hole to the Spider Nest.
 14553 | Lair:2   | Received a gift from Trog
 14917 | Lair:2   | Reached XP level 13. HP: 109/111 MP: 19/19
 14975 | Lair:2   | Found a staircase to the Shoals.
 15107 | Orc:1    | Entered Level 1 of the Orcish Mines
 15296 | Orc:1    | Reached skill level 11 in Maces & Flails
 15570 | Orc:2    | Entered Level 2 of the Orcish Mines
 16005 | Orc:2    | Noticed Snorg
 16394 | Orc:1    | Killed Snorg
 17187 | Orc:1    | Received a gift from Trog
 17192 | Orc:1    | Reached skill level 9 in Evocations
 17504 | Orc:1    | Noticed an ettin
 17517 | Orc:1    | Killed an ettin
 18620 | D:10     | Reached skill level 9 in Shields
 19405 | Orc:2    | Found Raorad's Retail Resort.
 19412 | Orc:2    | Bought 3 scrolls of random uselessness for 36 gold pieces
 19439 | Orc:2    | Found Wunaorphe's General Store.
 19450 | Orc:2    | Bought a scroll of remove curse for 30 gold pieces
 19616 | Orc:2    | Found a staircase to the Elven Halls.
 19813 | Orc:2    | Found Xytattiest's Antique Weapon Boutique.
 19813 | Orc:2    | Found Uteiff's Jewellery Emporium.
 19815 | Orc:2    | Found Bisirr's Magic Scroll Shoppe.
 19817 | Orc:2    | Found Roedocog's Jewellery Shop.
 19822 | Orc:2    | Bought a cursed amulet of inaccuracy for 22 gold pieces
 19825 | Orc:2    | Bought a scroll of magic mapping for 52 gold pieces
 19825 | Orc:2    | Bought a scroll of magic mapping for 52 gold pieces
 19825 | Orc:2    | Bought a scroll of magic mapping for 52 gold pieces
 19825 | Orc:2    | Bought a scroll of vulnerability for 112 gold pieces
 19825 | Orc:2    | Bought a scroll of identify for 30 gold pieces
 19825 | Orc:2    | Bought a scroll of fog for 30 gold pieces
 19832 | Orc:2    | Bought the ring of Luejuam {MR+ Str+4 SInv} for 446 gold pieces
 19929 | Lair:1   | Received a gift from Trog
 19943 | Lair:1   | Identified the +3 leather armour of Qazlal's Whim {rElec Stlth+} (You found it on level 1 of the Lair of Beasts)
 20228 | Lair:3   | Received a gift from Trog
 20910 | Lair:3   | Reached XP level 14. HP: 119/119 MP: 20/20
 21432 | Lair:4   | Reached skill level 10 in Fighting
 21821 | Lair:4   | Reached skill level 10 in Armour
 22775 | Lair:5   | Received a gift from Trog
 22867 | Lair:5   | Found a staircase to the Slime Pits.
 22867 | Lair:5   | Found a viscous altar of Jiyva.
 23211 | Lair:6   | Entered Level 6 of the Lair of Beasts
 23241 | Lair:6   | Found a frozen archway.
 23329 | IceCv    | Entered an ice cave
 23893 | IceCv    | Reached skill level 10 in Throwing
 24144 | IceCv    | Got a smoking marble ring
 24146 | IceCv    | Got a scintillating jade ring
 24170 | IceCv    | Identified the ring "Woull" {rF- Dex+7 SInv} (You found it in an ice cave)
 24171 | IceCv    | Identified the ring "Qoses" {Fire Dex+2} (You found it in an ice cave)
 24410 | Lair:6   | Reached skill level 10 in Dodging
 25089 | Lair:6   | Received a gift from Trog
 25351 | Lair:6   | Reached XP level 15. HP: 102/126 MP: 22/22
 26906 | Lair:6   | Received a gift from Trog
 27218 | Lair:6   | Got a slimy flail
 27219 | Lair:6   | Identified the +1 flail of Uncomfortable Rashes {holy, *Rage rC++ Dex+6} (You found it on level 6 of the Lair of Beasts)
 27252 | Lair:6   | Identified the Collected Works on Enhancements and Summoning
 27600 | D:12     | Noticed Leszczynek's ghost (journeyman DDMo)
 27606 | D:12     | Killed Leszczynek's ghost
 28293 | D:13     | Reached skill level 10 in Shields
 28601 | D:13     | Received a gift from Trog
 28641 | D:13     | Found Jiesmeeka's Gadget Boutique.
 29051 | D:13     | Received a gift from Trog
 29753 | D:14     | Reached skill level 12 in Maces & Flails
 29753 | D:14     | Reached skill level 10 in Evocations
 29769 | D:14     | Reached ****** piety under Trog
 29769 | D:14     | Received a gift from Trog
 29770 | D:14     | Got a warped great mace {god gift}
 29793 | D:13     | Identified the +6 great mace "Bainir" {crush, *Corrode rF++} (Trog gifted it to you on level 14 of the Dungeon)
 30258 | D:14     | Reached XP level 16. HP: 89/135 MP: 23/23
 30409 | D:14     | Paralysed by a wizard for 3 turns
 30454 | D:14     | Found a gate to the Vaults.
 30625 | D:14     | Found a blossoming altar of Fedhas.
 30648 | D:14     | Found a shimmering altar of Xom.
 30649 | D:14     | Found a shimmering altar of Xom.
 30649 | D:14     | Found a shimmering altar of Xom.
 30650 | D:14     | Found a shimmering altar of Xom.
 31341 | D:15     | Entered Level 15 of the Dungeon
 31573 | D:15     | Received a gift from Trog
 31606 | D:15     | Found a staircase to the Depths.
 32272 | Spider:1 | Entered Level 1 of the Spider Nest
 32361 | Spider:1 | Noticed Josephine
 32375 | Spider:1 | Killed Josephine
 32906 | Spider:1 | Received a gift from Trog
 33113 | Spider:2 | Noticed Frances
 33300 | Spider:1 | Killed Frances
 34226 | Spider:2 | Received a gift from Trog
 34272 | Spider:2 | Got a translucent ring mail
 34283 | Spider:2 | Identified the cursed +1 ring mail of Whack-A-Mole {rF+ Int+4} (You found it on level 2 of the Spider Nest)
 34375 | Spider:2 | Noticed Nikola
 34397 | Spider:2 | Killed Nikola
 34397 | Spider:2 | Reached XP level 17. HP: 121/141 MP: 24/24
 34692 | Spider:3 | Noticed Kirke
 34719 | Spider:3 | Killed Kirke
 34898 | Spider:3 | Noticed Mara
 34899 | Spider:3 | Noticed mopl's illusion
 34983 | Spider:3 | Noticed mopl's illusion
 34987 | Spider:3 | Killed Mara
 35185 | Spider:3 | Noticed Azrael
 35226 | Spider:2 | Killed Azrael
 35240 | Spider:2 | Received a gift from Trog
 36246 | Spider:4 | Entered Level 4 of the Spider Nest
 36372 | Spider:4 | Received a gift from Trog
 36702 | Spider:4 | Reached skill level 11 in Fighting
 36888 | Spider:4 | Reached skill level 11 in Armour
 37564 | Spider:4 | Received a gift from Trog
 37619 | Spider:4 | Received a gift from Trog
 38325 | Spider:4 | Reached XP level 18. HP: 131/151 MP: 2/25
 38551 | Spider:4 | Reached skill level 11 in Dodging
 38583 | Spider:4 | Reached skill level 11 in Throwing
 38676 | Spider:4 | Got a gossamer rune of Zot
 39268 | Elf:1    | Entered Level 1 of the Elven Halls
 39886 | Elf:1    | Received a gift from Trog
 40161 | Elf:1    | Reached skill level 1 in Polearms
 40670 | Elf:2    | Reached skill level 2 in Polearms
 41013 | Elf:2    | Received a gift from Trog
 41152 | Elf:2    | Reached skill level 3 in Polearms
 41535 | Elf:2    | Received a gift from Trog
 41541 | Elf:2    | Found a runed door.
 41580 | Elf:2    | Found a runed door.
 41986 | Elf:2    | Reached skill level 4 in Polearms
 42270 | Elf:2    | Reached skill level 11 in Shields
 42508 | Elf:2    | Noticed a deep elf blademaster
 42522 | Elf:2    | Killed a deep elf blademaster
 42603 | Elf:2    | Reached skill level 5 in Polearms
 42693 | Elf:2    | Received a gift from Trog
 43199 | Elf:2    | Reached XP level 19. HP: 158/158 MP: 27/27
 43535 | Elf:3    | Entered Level 3 of the Elven Halls
 43749 | Elf:3    | Received a gift from Trog
 43766 | Elf:3    | Reached skill level 6 in Polearms
 44063 | Elf:3    | Received a gift from Trog
 44873 | Elf:3    | Received a gift from Trog
 45647 | Elf:3    | Got a transparent ivory ring
 45651 | Elf:3    | Identified the ring "Refacis" {rElec rN+++ Str-2 Stlth-} (You took it off a deep elf sorcerer on level 3 of the Elven Halls)
 45675 | Elf:3    | Noticed a Tzitzimitl
 45724 | Elf:3    | Reached skill level 11 in Evocations
 45858 | Elf:3    | Reached skill level 7 in Polearms
 46101 | Elf:3    | Got a shimmering ivory ring
 46105 | Elf:3    | Identified the ring "Tigeix" {Ice +Inv rPois Str-2 Int+4} (You took it off a deep elf high priest on level 3 of the Elven Halls)
 46275 | Elf:3    | Got a crude long sword {protect}
 46276 | Elf:3    | Identified the +10 long sword of Midwinter {protect, *Noise +Rage rN+ Dex+8} (You took it off a deep elf high priest on level 3 of the Elven Halls)
 46988 | Elf:3    | Received a gift from Trog
 47321 | Elf:3    | Got an ebony rapier {speed}
 47324 | Elf:3    | Identified the +3 rapier of Jaull {speed, Int+3} (You took it off a deep elf death mage on level 3 of the Elven Halls)
 47530 | Elf:3    | Got a slimy tin amulet
 48999 | Shoals:1 | Entered Level 1 of the Shoals
 49595 | Shoals:1 | Received a gift from Trog
 49802 | Shoals:2 | Reached XP level 20. HP: 146/166 MP: 28/28
 49853 | Shoals:2 | Identified the amulet "Woqoud Gote" {+Rage Dex+3} (You took it off a deep elf sorcerer on level 3 of the Elven Halls)
 49949 | Shoals:2 | Identified 2 scrolls of acquirement
 49966 | Shoals:2 | Got a shimmering scarf
 49972 | Shoals:2 | Identified the scarf of the Blessed Realm {rPois rF- Str+2} (You acquired it on level 2 of the Shoals)
 50002 | Shoals:2 | Got an ancient helmet
 50008 | Shoals:2 | Identified the +2 helmet "Egry" {MR+} (You acquired it on level 2 of the Shoals)
 50598 | Shoals:2 | Noticed Aizul
 50626 | Shoals:2 | Killed Aizul
 50678 | Shoals:2 | Noticed Polyphemus
 51144 | Shoals:2 | Reached skill level 13 in Maces & Flails
 51164 | Shoals:2 | Killed Polyphemus
 52246 | Shoals:2 | Reached skill level 8 in Polearms
 52259 | Shoals:2 | Received a gift from Trog
 52675 | Shoals:3 | Got a jewelled chain mail
 53195 | Shoals:2 | Identified the +11 chain mail of Temperance {*Slow Str+2 Int+6} (You found it on level 3 of the Shoals)
 53243 | Shoals:3 | Received a gift from Trog
 53342 | Shoals:3 | Identified the cursed +2 war axe of Reinforcement {chop, rF+ SInv} (You found it on level 3 of the Shoals)
 53358 | Shoals:3 | Noticed Louise
 53395 | Shoals:3 | Killed Louise
 54134 | Shoals:3 | Noticed Ilsuiw
 54215 | Shoals:3 | Killed Ilsuiw
 54839 | Shoals:4 | Entered Level 4 of the Shoals
 55678 | Shoals:4 | Received a gift from Trog
 56226 | Shoals:3 | Received a gift from Trog
 56776 | Shoals:4 | HP: 8/166 [merfolk/spear (7)]
 56781 | Shoals:4 | Slain by a merfolk

Vault maps used:
D:1:      dpeg_arrival_leaves_temple_mockup, nrook_mini_backslash,
          patterned_corridor
D:2:      gammafunk_temple_overflow_pools, serial_forest,
          infiniplex_forest_straight_4, infiniplex_forest_lined_ring,
          infiniplex_forest_3_way, infiniplex_forest_clump_small,
          infiniplex_forest_clump_cross, infiniplex_forest_lined_3,
          infiniplex_forest_lined_room_2, uniq_robin
D:3:      uniq_natasha
D:4:      serial_shops, shop, first_bread, st_stairs_6, uniq_eustachio,
          uniq_menkaure
D:5:      minmay_temple_entry_glassed_door, trog_butcher_becter
D:7:      overflow_temple_1_default, hangedman_decor_slide_cut
D:8:      hangedman_ru_absence, lightli_ossuary_entry_decrepit_ruins,
          hangedman_little_slice_of_home, uniq_joseph
D:10:     lair_entry_dummy, zombieorc2_lemuel, uniq_maurice
D:11:     grunt_ministairs_2, minivault_27, kennysheep_generic_room_13,
          uniq_fannar, uniq_grum
D:13:     serial_curves, eino_curves_02, eino_curves_02, serial_shops, shop,
          corexii_hall_statues_deadend
D:14:     minmay_curly_fans, grunt_vaults_entry_fortified, old_standard_altar,
          xom_redecorated
D:15:     hangedman_depths_entry_civil_slaughter, nrook_loot_triangle,
          hangedman_abyss_or_decor_slice
Temple:   dpeg_five_rooms_temple
Lair:1:   beast_lair_carwin_1, grunt_megastairs_3, infiniplex_staircase_pool
Lair:2:   elwin_shoals_entry_rooms, spider_nest_entry_webs, lemuel_fruit_fields,
          uniq_prince_ribbit2
Lair:3:   grunt_megastairs_2
Lair:4:   minmay_lair_drake_nest, lemuel_fruit_tree
Lair:5:   slime_altar_1, serial_bayou_shore_b, grunt_megastairs_1
Lair:6:   guppyfry_lair_end_dragon, portal_ice_cave_entry_ice_beasts,
          st_stairs_12, minmay_lair_oklob_chamber
Shoals:1: ldierk_geyser
Shoals:2: uniq_aizul, uniq_polyphemus
Shoals:3: nicolae_shoals_cliffside_cave, uniq_louise, uniq_ilsuiw
Shoals:4: shoals_end_hangedman, shoals_ilsuiw_ice
Spider:1: worms_lemuel, uniq_josephine
Spider:2: nicolae_spider_cling_halls, uniq_frances, uniq_nikola
Spider:3: uniq_mara, uniq_kirke, uniq_azrael
Spider:4: spider_rune_water, spider_trap, nicolae_spider_webbed_stairs
Orc:2:    st_orc_rangers, serial_shops, shop_statue, nicolae_orc_bridge_out,
          nicolae_alphabet_shops, uniq_snorg
Elf:1:    evilmike_minifort
Elf:3:    elf_hall_gauntlet_narrow, nicolae_wwwww
Ossuary:  ossuary_due_cavern
IceCv:    ice_cave_small_dragons

Skill      XL: |  1  2  3  4  5  6  7  8  9 10 11 12 13 14 15 16 17 18 19 20 |
---------------+-------------------------------------------------------------+-----
Maces & Flails | 5 6 7 8 9 10 11 12 13 | 13.1
Fighting       | 5 6 7 8 9 10 11 | 11.6
Throwing       | 1 2 3 5 6 7 8 9 10 11 | 11.4
Armour         | 4 5 6 7 8 9 10 11 | 11.4
Dodging        | 4 5 6 7 8 9 10 11 | 11.4
Evocations     | 1 4 5 7 8 9 10 11 | 11.2
Shields        | 1 5 6 7 8 9 10 11 | 11.3
Polearms       | 5 7 8 |  8.5

Action                   |  1- 3 |  4- 6 |  7- 9 | 10-12 | 13-15 | 16-18 | 19-21 || total
-------------------------+-------+-------+-------+-------+-------+-------+-------++-------
Melee: Mace              |   100 |   232 |     6 |       |       |       |       ||   338
       Bite              |     4 |    37 |    38 |   132 |   352 |   382 |   358 ||  1303
       Morningstar       |       |    68 |   397 |  1017 |  1533 |    53 |       ||  3068
       Demon whip        |       |       |       |       |   455 |   531 |    97 ||  1083
       Whip              |       |       |       |       |       |  1682 |  1780 ||  3462
Throw: Tomahawk          |       |       |       |     8 |    56 |       |    22 ||    86
       Javelin           |       |       |       |       |     6 |    24 |    34 ||    64
Invok: Berserk           |     4 |     7 |    18 |    17 |    28 |    12 |    12 ||    98
       Trog's Hand       |       |       |       |     4 |     4 |     5 |     6 ||    19
       Burn Spellbooks   |       |       |       |     1 |       |     1 |     3 ||     5
       Brothers in Arms  |       |       |       |     1 |     1 |     2 |       ||     4
Evoke: Wand              |       |       |       |     2 |       |     6 |     3 ||    11
  Use: Scroll            |       |     6 |     7 |    13 |    11 |    10 |    10 ||    57
       Potion            |       |       |       |       |     1 |     4 |     3 ||     8
 Stab: Sleeping          |     1 |       |       |       |       |       |       ||     1
       Distracted        |       |       |       |     1 |       |     2 |       ||     3
       Petrified         |       |       |       |       |       |       |    11 ||    11
  Eat: Chunk             |     4 |    15 |    25 |    37 |    64 |    24 |    29 ||   198
       Fruit             |       |       |     4 |    10 |     3 |       |     3 ||    20
       Bread ration      |       |       |       |       |     3 |     4 |     4 ||    11
       Royal jelly       |       |       |       |       |       |     3 |     2 ||     5
       Meat ration       |       |       |       |       |       |     2 |     1 ||     3
Armor: Animal skin       |    18 |    25 |       |       |       |       |       ||    43
       Ring mail         |       |    68 |    43 |       |       |       |       ||   111
       Scale mail        |       |       |    94 |    25 |       |       |       ||   119
       Plate armour      |       |       |       |   447 |   980 |   750 |   503 ||  2680
       Chain mail        |       |       |       |     2 |       |       |     3 ||     5
Dodge: Dodged            |    67 |   196 |   186 |   318 |   778 |   568 |   437 ||  2550
Block: Buckler           |     4 |    48 |    24 |       |       |       |       ||    76
       Shield            |       |       |   138 |   746 |  1274 |   945 |   678 ||  3781
       Reflection        |       |       |     5 |    11 |       |       |       ||    16
